 Dungeon Crawl Stone Soup version 0.28.0-53-g5a82cb258f (webtiles) character file.

Game seed: 10731946742253180146

44 H0rd4k the Charlatan (level 3, 0/26 HPs)
             Began as a Human Artificer on July 18, 2022.
             Slain by an adder (2 damage)
             ... on level 2 of the Dungeon.
             The game lasted 00:01:13 (1933 turns).

H0rd4k the Charlatan (Human Artificer)              Turns: 1933, Time: 00:01:13

Health: 0/26       AC:  3    Str: 12    XL:     3   Next: 85%
Magic:  3/3        EV: 11    Int: 13    God:
Gold:   41         SH:  0    Dex: 13    Spells: 2/2 levels left

rFire   . . .      SeeInvis .   q - +0 whip (freeze)
rCold   . . .      Faith    .   (no shield)
rNeg    . . .      Spirit   .   b - +0 leather armour
rPois   .          Reflect  .   (no helmet)
rElec   .          Harm     .   (no cloak)
rCorr   .          Rampage  .   (no gloves)
Will    .....                   (no boots)
Stlth   +.........              (no amulet)
HPRegen 0.08/turn               (no ring)
MPRegen 0.08/turn               (no ring)

@: lethally poisoned (0 -> -5)
A: no striking features
a: no special abilities


You were on level 2 of the Dungeon.
You visited 1 branch of the dungeon, and saw 2 of its levels.

You collected 41 gold pieces.

Inventory:

Hand Weapons
 a - a +0 club
 q - a +0 whip of freezing (weapon)
Missiles
 h - 3 poisoned darts
 m - 6 atropa-tipped darts
Armour
 b - a +0 leather armour (worn)
Jewellery
 k - a ring of resist corrosion
Wands
 c - a wand of flame (15) (quivered)
 d - a wand of charming (15)
Scrolls
 f - a scroll of blinking {unknown}
 g - a scroll of noise {unknown}
 i - 2 scrolls of amnesia {unknown}
 l - 2 scrolls of identify {unknown}
 o - a scroll of enchant armour {unknown}
 r - a scroll of fog {unknown}
Potions
 j - a potion of attraction {unknown}
 n - a potion of cancellation {unknown}
 p - a potion of brilliance {unknown}
Miscellaneous
 e - a piece from Xom's chessboard (15/15)


   Skills:
 + Level 1.2 Fighting
 + Level 1.3 Maces & Flails
 - Level 2.0 Armour
 + Level 1.2 Dodging
 - Level 1.0 Stealth
 + Level 4.0 Evocations


You had 2 spell levels left.
You didn't know any spells.
Your spell library contained the following spells:

 Spells                   Type           Power      Damage    Failure   Level
 Sting                    Tmut/Pois      0%         1d3       36%         1
 Poisonous Vapours        Pois/Air       0%         N/A       52%         2
 Olgreb's Toxic Radiance  Pois           0%         N/A       98%         4


Dungeon Overview and Level Annotations

Branches:
Dungeon (2/15)

Altars:
Elyvilon


Message History

No target in view!
A bat comes into view.
A bat is nearby!
A bat is nearby!
A bat is nearby!
An adder comes into view.
There are monsters nearby!
The adder hisses angrily.
The bat hits you but does no damage.
There are monsters nearby!
You barely miss the bat. The bat misses you.
The bat hits you but does no damage.
There are monsters nearby!
You barely miss the adder. The bat barely misses you.
The adder barely misses you. The bat barely misses you. The adder bites you.
There are monsters nearby!
You hit the adder but do no damage. The bat closely misses you.
The bat hits you but does no damage. The adder completely misses you.
There are monsters nearby!
You closely miss the adder. The adder bites you but does no damage.
The adder barely misses you. The bat hits you but does no damage.
You closely miss the adder. The bat hits you but does no damage.
The adder bites you.
You barely miss the adder. The bat hits you. The adder bites you.
The bat barely misses you. The adder barely misses you.
You closely miss the adder. The bat hits you but does no damage.
The adder bites you. The adder bites you.
You closely miss the adder. The adder bites you.
You are poisoned.
The adder poisons you!
You hit the adder but do no damage.
You feel sick. The adder bites you.
* * * LOW HITPOINT WARNING * * *
You are more poisoned.
The adder poisons you! The adder bites you.
* * * LOW HITPOINT WARNING * * *
You barely miss the adder.
* * * LOW HITPOINT WARNING * * *
You feel sick. The adder bites you.
You die...

..####..# # #.##
##....#.. ##.###.#.
...#... .........
#.... ##.#..... #
#...# #..#.# #. ###.#
#..#.# #..
#b..#########..#.#
#..#S#.....[..#..>...
#..@#........#......
##.##........#.#.#..
#.# #............#..
..# #........#.###..
#..............#......
## #####.......###.###
######### #.# #.# #.#


You could see an adder and a bat.

Vanquished Creatures
  4 dart slugs
  5 ball pythons
  A bat (D:2)
  2 endoplasms
  A giant cockroach (D:1)
  5 hobgoblins
  3 jackals (D:2)
  A quokka (D:2)
  2 frilled lizards
  2 goblins (D:2)
  2 kobolds
  6 rats
34 creatures vanquished.

Notes
Turn   | Place    | Note
-------+----------+-------------------------------------------
     0 | D:1      | H0rd4k the Human Artificer began the quest for the Orb.
     0 | D:1      | Reached XP level 1. HP: 15/15 MP: 1/1
   321 | D:1      | Reached XP level 2. HP: 20/21 MP: 2/2
  1102 | D:2      | Reached XP level 3. HP: 26/26 MP: 3/3
  1257 | D:2      | Found a white marble altar of Elyvilon.
  1528 | D:2      | Reached skill level 1 in Maces & Flails
  1856 | D:2      | Reached skill level 4 in Evocations
  1933 | D:2      | Slain by an adder

Illustrated notes

Levels and vault maps discovered:
D:1:      minmay_arrival_arboretum_large, layout_basic, serial_forest,
          infiniplex_forest_clump_tiny, infiniplex_forest_lined_room_,
          infiniplex_forest_clump_long, infiniplex_forest_end_2,
          infiniplex_forest_end_2, infiniplex_forest_corner_1,
          infiniplex_forest_lined_2, infiniplex_forest_fountain,
          infiniplex_forest_clump_large
D:2:      layout_loops_cross, basic_altar, uniq_jessica

Skill      XL: |  1  2  3 |
---------------+----------+-----
Maces & Flails | 1 |  1.3
Evocations     | 4 |  4.0
Fighting       | |  1.2
Armour         | |  2.0
Dodging        | |  1.2
Stealth        | |  1.0

Action                   || total
-------------------------++-------
Melee: Club              ||    93
       Whip              ||    40
 Stab: Sleeping          ||     2
       Distracted        ||     1
Armor: Leather armour    ||    36
Dodge: Dodged            ||    90
